Map: Hardwire LE

Players

SquiggyBaby

  • Race: Terran Terran
  • League: Gold
  • Spawn Location: 7:00

Pumba - Winner!

  • Race: Protoss Protoss
  • League: Silver
  • Spawn Location: 1:00

VOD

Have the link to the VOD?

Description

Time

  • Played on: Feb. 1, 2022, 5:10 p.m.
  • Length: 8:32
Show
View Real Time Build Order
Export as new Build Order

SquiggyBaby Terran 

Build Orders:  

Get SALT Encoding   

  12  0:00  SCV  
  13  0:14  SCV  
  14  0:19  Supply Depot  
  14  0:27  SCV  
  15  0:41  SCV  
  15  0:42  Barracks  
  16  0:53  SCV  
  16  0:55  Refinery  
  17  1:02  Barracks  
  17  1:10  SCV  
  18  1:21  Barracks  
  18  1:33  Supply Depot  
  18  1:36  Orbital Command  
  18  1:43  Refinery  
  18  1:57  Barracks Reactor  
  18  2:07  SCV  
  19  2:15  Barracks Tech Lab  
  19  2:21  Barracks Tech Lab  
  19  2:31  Factory  
  19  2:33  Marine  
  19  2:34  Marine  
  21  2:44  SCV  
  22  2:53  Command Center  
  22  3:00  Supply Depot  
  22  3:03  SCV  
  23  3:11  Marine  
  24  3:15  SCV  
  24  3:16  Marine  
  24  3:18  Factory Reactor  
  26  3:27  Starport  
  26  3:31  SCV  
  26  3:33  Marine  
  28  3:37  Marine  
  29  3:44  Stimpack  
  29  3:48  SCV  
  30  4:00  SCV, Combat Shield  
  30  4:01  Marine  
  32  4:12  SCV  
  32  4:14  Factory Tech Lab  
  32  4:15  Orbital Command  
  33  4:24  Supply Depot, Marine x2  
  33  4:28  Medivac  
  37  4:34  Medivac  
  39  4:40  Siege Tank  
  39  4:45  SCV  
  43  4:46  SCV  
  43  4:48  Marine  
  43  4:49  Marine  
  46  4:54  Marine  
  46  4:59  Marine  
  47  5:06  Marine  
  47  5:07  SCV, Marine  
  49  5:11  Marine  
  49  5:12  Siege Tank  
  55  5:17  Marine  
  55  5:18  Medivac  
  58  5:24  Marine x2  
  58  5:26  Supply Depot  
  60  5:37  Engineering Bay  
  60  5:39  Marine x2  
  62  5:48  Marine x2  
  64  5:51  Supply Depot  
  66  5:57  Marauder x2  
  68  6:05  Marine x2  
  70  6:13  Concussive Shells  
  70  6:18  Marauder, Marine  
  72  6:23  Marine x2  
  75  6:29  SCV x2  
  77  6:36  Marine  
  78  6:47  Supply Depot  
  78  6:52  Supply Depot  
  78  7:08  SCV, Siege Tank, Marine x3  
  78  7:10  Supply Depot  
  78  7:14  Marauder  
  78  7:15  Supply Depot  
  87  7:26  Marauder, Marine x2  
  68  7:35  Marauder  
  47  7:40  Siege Tank  
  47  7:44  Marine x2  
  50  7:48  Marauder  
  54  7:57  Marauder  
  55  8:02  Marine x2  
  52  8:09  Marauder  
Show
View Real Time Build Order
Export as new Build Order

Pumba Protoss - Winner!

Build Orders: 1 Gate Expand, Zealot Archon 

Get SALT Encoding   

  12  0:00  Probe  
  13  0:13  Probe  
  14  0:19  Pylon  
  14  0:25  Probe  
  15  0:38  Probe (Chrono Boost)  
  15  0:39  Gateway  
  17  0:50  Probe (Chrono Boost)  
  17  0:52  Assimilator  
  17  0:59  Probe (Chrono Boost)  
  18  1:05  Probe  
  19  1:17  Probe  
  20  1:34  Nexus  
  20  1:41  Cybernetics Core  
  20  1:42  Probe  
  21  1:53  Assimilator  
  21  1:54  Probe  
  21  1:56  Pylon  
  22  2:07  Probe  
  23  2:11  Warp Gate  
  23  2:18  Stalker (Chrono Boost)  
  23  2:20  Probe  
  26  2:32  Robotics Facility, Probe  
  27  2:43  Stalker  
  29  2:44  Probe  
  29  2:49  Probe  
  31  2:56  Probe  
  32  3:01  Probe  
  33  3:09  Probe  
  34  3:13  Probe, Gateway  
  34  3:16  Gateway  
  35  3:20  Stalker  
  35  3:23  Observer (Chrono Boost)  
  35  3:26  Probe (Chrono Boost)  
  40  3:31  Probe (Chrono Boost), Pylon  
  40  3:35  Probe (Chrono Boost)  
  40  3:39  Probe (Chrono Boost)  
  42  3:42  Probe  
  43  3:50  Probe  
  43  3:52  Pylon  
  43  3:54  Probe  
  45  3:56  Shield Battery, Immortal (Chrono Boost)  
  45  4:02  Probe  
  50  4:06  Probe  
  50  4:09  Pylon  
  51  4:14  Probe  
  52  4:31  Probe  
  53  4:34  Assimilator  
  53  4:36  Assimilator  
  53  4:37  Stalker x3  
  59  4:42  Twilight Council  
  59  4:47  Probe  
  59  4:48  Probe  
  61  4:59  Probe  
  66  5:04  Gateway  
  66  5:06  Gateway  
  62  5:07  Gateway  
  62  5:08  Gateway  
  62  5:09  Observer  
  62  5:13  Gateway  
  62  5:14  Gateway  
  62  5:16  Gateway  
  62  5:22  Charge (Chrono Boost), Templar Archives  
  62  5:24  Pylon  
  62  5:27  Pylon  
  62  5:31  Pylon  
  62  5:36  Pylon x2  
  62  5:41  Immortal (Chrono Boost)  
  66  5:54  Zealot x3  
  72  6:06  Zealot  
  72  6:07  Zealot x3  
  80  6:11  Warp Prism (Chrono Boost)  
  82  6:20  Zealot x2  
  86  6:33  Zealot x2  
  86  6:34  Zealot x2  
  94  6:48  High Templar x2  
  94  6:49  High Templar x3  
  94  6:50  High Templar  
  94  6:52  Archon  
  94  6:53  Archon  
  106  6:54  Archon  
  106  7:02  High Templar  
  106  7:06  High Templar  
  106  7:08  Pylon  
  110  7:10  Archon  
  106  7:37  Zealot x4  
  106  7:38  Zealot x2  
  118  7:46  Gateway  
  118  7:49  Forge  
  118  7:51  Forge  
  118  7:54  Nexus  
  112  8:06  Nexus  
  112  8:12  Zealot x5  
Tags
 
Add a new tag
Caveats
  • Supply blocks, unpowered buildings, or Contaminate may cause inaccurate times.
  • Supply counts are checked every 10 seconds.